 Dungeon Crawl Stone Soup version 0.22-a0-439-gac93bac (webtiles) character file.

455 Gorglomux the Skirmisher (level 6, 0/56 HPs)
             Began as a Minotaur Abyssal Knight on May 29, 2018.
             Was a Priest of Lugonu.
             Slain by Menkaure (10 damage)
             ... on level 4 of the Dungeon.
             The game lasted 00:02:57 (2659 turns).

Gorglomux the Skirmisher (Minotaur Abyssal Knight)  Turns: 2659, Time: 00:02:57

Health: 0/56       AC:  9    Str: 19    XL:     6   Next: 76%
Magic:  7/7        EV:  7    Int:  9    God:    Lugonu [***...]
Gold:   118        SH:  0    Dex:  9    Spells: 5/5 levels left

rFire    . . .     SeeInvis .   s - +1 hand axe (elec)
rCold    . . .     Gourm    .   (no shield)
rNeg     . . .     Faith    .   r - +0 chain mail
rPois    .         Spirit   .   (helmet restricted)
rElec    .         Reflect  .   (no cloak)
rCorr    .         Harm     .   (no gloves)
MR       .....                  (no boots)
Stlth    ..........             (no amulet)
HPRegen  0.18/turn              (no ring)
MPRegen  0.10/turn              (no ring)

@: no status effects
A: retaliatory headbutt, horns 2
a: Depart the Abyss, Bend Space, Banish, Renounce Religion


You were on level 4 of the Dungeon.
You worshipped Lugonu.
Lugonu was most pleased with you.
You were very hungry.

You visited 1 branch of the dungeon, and saw 4 of its levels.
You visited the Abyss 1 time.

You collected 118 gold pieces.

Inventory:

Hand Weapons
 s - a +1 hand axe of electrocution (weapon)
Armour
 r - a +0 chain mail (worn)
Scrolls
 h - 2 scrolls of enchant weapon {unknown}
 k - 10 scrolls of identify {unknown}
 l - a scroll of fog {unknown}
 n - 2 scrolls of teleportation {unknown}
 o - a scroll of remove curse {unknown}
 q - a scroll of magic mapping {unknown}
 x - a scroll of random uselessness {unknown}
 y - a scroll of immolation {unknown}
Potions
 d - 2 potions of degeneration {unknown}
 g - 4 potions of heal wounds
 i - a potion of mutation {unknown}
 j - 2 potions of magic {unknown}
 m - a potion of lignification {unknown}
 p - 2 potions of might
 t - a potion of curing {unknown}
 u - a potion of flight {unknown}
 w - a potion of invisibility {unknown}
Comestibles
 c - 9 rations


   Skills:
 + Level 5.6 Fighting
 + Level 4.8 Axes
 + Level 4.8 Armour
 - Level 1.1 Dodging
 + Level 3.8 Invocations


You had 5 spell levels left.
You didn't know any spells.
Your spell library was empty.

Dungeon Overview and Level Annotations

Branches:
Dungeon (4/15)
 Temple: D:4-7

Altars:
Xom
Yredelemnul

Annotations:
D:4 Menkaure


Innate Abilities, Weirdness & Mutations

You reflexively headbutt those who attack you in melee.
You have a pair of horns on your head.


Message History

You butt-ly resist!
Menkaure is nearby!!!
You barely miss Menkaure!
Menkaure is almost destroyed!
Menkaure hits butt!
You barely miss Menkaure! Your headbutt misses Butt!
Menkaure is almost destroyed!
Menkaure grins!
Menkaure butts you!!!
Menkaure rustles a few words!
Menkaure hits you!!!!!! * * * don't die
* * * You are too injured to fight recklessly!!!
You are too injured to fight recklessly!!!
You are too injured to fight recklessly!!!
You are too injured to fight recklessly!!!
You butt Menkaure but do no butt!
Menkaure is almost destroyed!
Menkaure hits you!!! rip

+......#
#...#
#......#
#...# #
########.#
##'## #.
.........#
##..# .
.........#
#....
#.###.##..##
#....
##.###.##...#
#####
#...........#
#..M@.......#
#...........#
#############


You could see Menkaure.

Vanquished Creatures
  Eustachio (D:4)
  Blork the orc (D:4)
  2 orc wizards (D:3)
  2 orc priests (D:3)
  5 adders
  A gnoll (D:1)
  A worm (D:4)
  A dart slug (D:2)
  2 leopard geckos
  11 orcs
  3 bats (D:1)
  3 giant cockroaches
  7 goblins
  7 hobgoblins
  3 jackals (D:3)
  2 quokkas (D:3)
  A frilled lizard (D:1)
  5 kobolds
  8 rats
66 creatures vanquished.

Notes
Turn   | Place    | Note
-------+----------+-------------------------------------------
     0 | Abyss:1  | Gorglomux the Minotaur Abyssal Knight began the quest for the Orb.
     0 | Abyss:1  | Reached XP level 1. HP: 19/19 MP: 1/1
    12 | D:1      | Escaped the Abyss
   280 | D:1      | Reached XP level 2. HP: 27/27 MP: 2/2
   516 | D:1      | Reached ** piety under Lugonu
   516 | D:1      | Reached skill level 4 in Fighting
   516 | D:1      | Reached skill level 3 in Armour
   562 | D:1      | Reached skill level 3 in Axes
   699 | D:2      | Reached XP level 3. HP: 33/33 MP: 3/3
   843 | D:2      | Found a basalt altar of Yredelemnul.
  1521 | D:3      | Reached XP level 4. HP: 34/41 MP: 3/5
  1537 | D:3      | Found a shimmering altar of Xom.
  1577 | D:3      | Reached XP level 5. HP: 43/47 MP: 6/6
  1704 | D:3      | Reached skill level 3 in Invocations
  1725 | D:3      | Reached *** piety under Lugonu
  1731 | D:3      | Reached skill level 5 in Fighting
  2135 | D:4      | Noticed Blork the orc
  2135 | D:4      | Noticed Eustachio
  2156 | D:4      | Killed Blork the orc
  2156 | D:4      | Reached XP level 6. HP: 43/56 MP: 2/7
  2198 | D:4      | Killed Eustachio
  2650 | D:4      | Noticed Menkaure
  2659 | D:4      | Slain by Menkaure

Vault maps used:
D:1:      lemuel_arrival_hallway
D:2:      wad_lake_hut, lemuel_round_altar, first_ration
D:3:      xom_teletrap_fun
D:4:      uniq_blork_the_orc, uniq_eustachio, uniq_menkaure

Skill      XL: |  1  2  3  4  5 |
---------------+----------------+-----
Invocations    | 2 3 |  3.8
Fighting       | 4 5 |  5.6
Armour         | 3 4 |  4.8
Axes           | 3 4 |  4.8
Dodging        | |  1.1

Action                   |  1- 3 |  4- 6 || total
-------------------------+-------+-------++-------
Melee: Hand axe          |    99 |    84 ||   183
       Headbutt          |    11 |    13 ||    24
Invok: Banish            |       |     1 ||     1
  Use: Potion            |       |     1 ||     1
  Eat: Chunk             |     2 |     3 ||     5
Armor: Ring mail         |    25 |       ||    25
       Leather armour    |     1 |       ||     1
       Chain mail        |    15 |    45 ||    60
Dodge: Dodged            |    58 |    38 ||    96

Table legend:
 A = Spawn XP
 B = Non-spawn XP
 C = Spawn XP percentage of total XP
 D = Spawn monster count
 E = Non-spawn monster count
 F = Spawn count percentage of total count
 G = Total turns spent on level
                    A         B        C        D         E        F      G
               +---------+---------+-------+---------+---------+-------+---------
         Total |       0 |     651 |   0.0 |       0 |      66 |   0.0 |  2659
               +---------+---------+-------+---------+---------+-------+---------
           D:1 |       0 |      40 |   0.0 |       0 |      19 |   0.0 |   685
           D:2 |       0 |      38 |   0.0 |       0 |      13 |   0.0 |   701
           D:3 |       0 |     244 |   0.0 |       0 |      28 |   0.0 |   624
           D:4 |       0 |     329 |   0.0 |       0 |       6 |   0.0 |   637
               +---------+---------+-------+---------+---------+-------+---------
